 Dungeon Crawl Stone Soup version 0.26-a0-757-g626ac9e51a (webtiles) character file.

Game seed: 2820298376373389041

20622 somkeydreadnuts the Tainter (level 12, -7/110 HPs)
             Began as a Naga Venom Mage on Nov 7, 2020.
             Was a High Priest of Vehumet.
             Mangled by a skeletal warrior
             ... wielding a +0 flail
             ... led by a skeletal warrior
              (15 damage)
             ... on level 13 of the Dungeon on Nov 8, 2020.
             The game lasted 01:04:16 (15479 turns).

somkeydreadnuts the Tainter (Naga Venom Mage)      Turns: 15479, Time: 01:04:17

Health: -7/110     AC: 16    Str: 11    XL:     12   Next: 81%
Magic:  2/34       EV:  9    Int: 20    God:    Vehumet [*****.]
Gold:   832        SH:  5    Dex: 17    Spells: 11/30 levels left

rFire    + . .     SeeInvis +   I - +6 executioner's axe of Imbalance {freeze, Str+3 Dex+6}
rCold    + . .     Faith    .   (shield currently unavailable)
rNeg     . . .     Spirit   .   t - +5 leather armour of Calculation {rElec Slay+3 Stlth+}
rPois    +         Reflect  +   x - +2 helmet
rElec    +         Harm     .   E - +0 cloak
rCorr    .         Rampage  .   F - +1 pair of gloves
MR       +....                  (no barding)
Stlth    ++++......             q - amulet of reflection
HPRegen  0.28/turn              m - ring of fire
MPRegen  0.24/turn              i - ring of Mianwin {rElec rC++ MP+9 Stlth+}

@: very slow
A: large, see invisible, deformed body, dopey 1, poison resistance, slowness 2,
spit poison 1, weak 1, AC +4
a: Spit Poison, Renounce Religion


You were on level 13 of the Dungeon.
You worshipped Vehumet.
Vehumet was extremely pleased with you.
You visited 1 branch of the dungeon, and saw 13 of its levels.
You also visited: Sewer.

You collected 832 gold pieces.

Inventory:

Hand Weapons
 h - a +2 vorpal hand axe
 j - a +2 dagger of speed
 I - the +6 executioner's axe of Imbalance (weapon) {freeze, Str+3 Dex+6}
   (You found it on level 8 of the Dungeon)

   It has been specially enchanted to freeze those struck by it, causing extra
   injury to most foes and up to half again as much damage against particularly
   susceptible opponents.
   It can also slow down cold-blooded creatures.
   It affects your strength (+3).
   It affects your dexterity (+6).
Armour
 a - a +0 robe
 t - the +5 leather armour of Calculation (worn) {rElec Slay+3 Stlth+}
   (You found it on level 4 of the Dungeon)

   It affects your accuracy and damage with ranged weapons and melee attacks
   (+3).
   It insulates you from electricity.
   It makes you more stealthy.
 v - +0 steam dragon scales
 x - a +2 helmet (worn)
 E - a +0 cloak (worn)
 F - a +1 pair of gloves (worn)
Jewellery
 i - the ring of Mianwin (right hand) {rElec rC++ MP+9 Stlth+}
   (You acquired it on level 10 of the Dungeon)

   [ring of magical power]

   It greatly protects you from cold.
   It insulates you from electricity.
   It affects your magic capacity (+9).
   It makes you more stealthy.
 m - a ring of fire (left hand)
 n - a +4 ring of evasion
 q - an amulet of reflection (around neck)
 s - an uncursed amulet of the acrobat
Wands
 c - a wand of random effects (17)
 w - a wand of iceblast (25)
 C - a wand of digging (4)
 D - a wand of polymorph (20)
 G - a wand of acid (27)
Scrolls
 b - 2 scrolls of magic mapping
 d - 9 scrolls of teleportation
 f - a scroll of immolation
 g - 2 scrolls of blinking
 k - 6 scrolls of amnesia
 l - a scroll of enchant weapon
 u - a scroll of enchant armour
 y - a scroll of fear
 A - 8 scrolls of identify
 J - 4 scrolls of remove curse
Potions
 e - 7 potions of curing
 o - 3 potions of heal wounds
 p - a potion of attraction
 r - 6 potions of might
 z - 2 potions of invisibility
 B - 3 potions of lignification
 H - a potion of brilliance
Miscellaneous
 K - a box of beasts


   Skills:
 - Level 7.9 Fighting
 - Level 0.1 Short Blades
 - Level 9.2 Axes
 - Level 0.4 Armour
 - Level 1.5 Dodging
 - Level 3.0 Stealth
 - Level 9.6 Spellcasting
 - Level 1.0 Transmutations
 - Level 1.6 Fire Magic
 - Level 2.1 Air Magic
 + Level 14.6 Poison Magic
 - Level 7.0 Evocations


You had 11 spell levels left.
You knew the following spells:

 Your Spells              Type           Power        Failure   Level
a - Sting                 Tmut/Pois      ####         1%          1
b - Poisonous Vapours     Pois/Air       #####.       1%          2
c - Olgreb's Toxic Radia  Pois           ######..     1%          4
d - Ignite Poison         Fire/Tmut/Pois #####...     1%          3
e - Mephitic Cloud        Conj/Pois/Air  ####....     1%          3
f - Spider Form           Tmut/Pois      #####.....   1%          3
h - Conjure Flame         Conj/Fire      ###.....     5%          3

Your spell library contained the following spells:

 Spells                   Type           Power        Failure   Level
 Lee's Rapid Deconstruct  Erth           #.........   54%         5
 Shock                    Conj/Air       ##..         1%          1
 Freeze                   Ice            #...         2%          1
 Static Discharge         Conj/Air       ##......     5%          3
 Beastly Appendage        Tmut           ##....       6%          1
 Swiftness                Air            ###.....     6%          2
 Wereblood                Tmut           ##......     10%         2
 Airstrike                Air            ###.......   11%         4
 Lightning Bolt           Conj/Air       ##........   38%         5
 Ice Form                 Ice/Tmut       ##......     61%         4
 Blade Hands              Tmut           ##........   87%         5


Dungeon Overview and Level Annotations

Branches:
Dungeon (13/15)            Temple (0/1) D:5            Lair (0/6) D:11
    Orc (0/2) D:9           Sewer (visited)
 Vaults: D:13-14

Altars:
Ashenzari
Cheibriados
Dithmenos
Sif Muna
Vehumet
Xom

Shops:
D:10 ?

Annotations:
D:12 1 runed translucent door, stormannnn's ghost, journeyman DrTm


Innate Abilities, Weirdness & Mutations

You cannot wear boots.
Your serpentine skin is tough. (AC +4)
You have supernaturally acute eyesight. (SInv)
Armour fits poorly on your strangely shaped body.
Your system is resistant to poisons. (rPois)
You cover ground very slowly.
You can spit poison.
You are dopey. (Int -2)
You are weak. (Str -2)


Message History

The skeletal warrior hits you with a +0 long sword.
* * * LOW HITPOINT WARNING * * *
You block the skeletal warrior's attack.
The skeletal warrior hits you but does no damage.
You feel much better.
The skeletal warrior hits you with a +0 flail.
* * * LOW HITPOINT WARNING * * *
You barely miss the skeletal warrior.
The skeletal warrior is moderately damaged.
You hit the skeletal warrior but do no damage.
The skeletal warrior hits you with a +0 long sword!
* * * LOW HITPOINT WARNING * * *
The skeletal warrior hits you with a +0 flail.
* * * LOW HITPOINT WARNING * * *
You block the skeletal warrior's attack.
You slash the skeletal warrior! You freeze the skeletal warrior.
The skeletal warrior is heavily damaged.
You hit the skeletal warrior but do no damage.
The skeletal warrior hits you with a +0 flail!
You die...

### ## #.. ... #.#
##.## ##.# .)..♣ ..#
$...P. #. #.#♣P)[PP.
#. #†#z.PP.)P #.
#(@zZ)P⌠P.
#.##########.#♣).)♣..
#............# )♣♣
#............# ).
#............# ..
#..#########.# ##
#..# #.# #..# #.#
#..# #.#


You could see 2 skeletal warriors and a centaur warrior skeleton.

Vanquished Creatures
  2 centaur warriors (D:13)
  2 two-headed ogres
  3 unseen horrors
  3 ugly things
  Joseph (D:7)
  A torpor snail (shapeshifter) (D:10)
  A gargoyle (D:10)
  4 kobold demonologists
  4 trolls
  2 hornets
  Sigmund (D:4)
  2 wyverns
  A vampire mosquito (D:13)
  A steam dragon (D:11)
  25 yaks
  Menkaure (D:5)
  Duvessa (D:6)
  6 water moccasins
  4 ice beasts
  5 black bears
  5 sky beasts
  A phantom (D:4)
  8 orc warriors
  6 ogres
  3 centaurs
  A necrophage (D:7)
  5 big kobolds
  12 bullfrogs
  Dowan (D:6)
  2 water moccasin skeletons
  7 scorpions
  7 wights
  3 killer bees (D:7)
  9 howler monkeys
  5 jellies
  4 hounds
  A quasit (D:9)
  A bullfrog zombie (D:9)
  10 orc priests
  8 orc wizards
  Ijyb (D:4)
  6 iguanas
  9 worker ants
  A hound zombie (D:10)
  A hound skeleton (D:7)
  Robin (D:4)
  7 gnolls
  17 adders
  A shadow imp (D:11)
  A white imp (D:6)
  3 ufetubi
  An ooze (D:1)
  An adder zombie (D:6)
  2 adder skeletons
  4 dart slugs
  5 worms
  3 leopard geckos
  36 orcs
  2 ball pythons
  12 giant cockroaches
  13 goblins
  9 hobgoblins
  23 jackals
  3 quokkas
  A ball python skeleton (D:4)
  7 bats
  6 frilled lizards
  27 kobolds
  6 rats
378 creatures vanquished.

Vanquished Creatures (others)
  25 fungi (D:11)
  21 plants
46 creatures vanquished.

Grand Total: 424 creatures vanquished

Notes
Turn   | Place    | Note
-------+----------+-------------------------------------------
     0 | D:1      | somkeydreadnuts the Naga Venom Mage began the quest for the
                  | Orb.
     0 | D:1      | Reached XP level 1. HP: 15/15 MP: 3/3
   166 | D:1      | Reached XP level 2. HP: 22/22 MP: 0/5
   305 | D:1      | Reached skill level 5 in Poison Magic
   788 | D:1      | Reached XP level 3. HP: 14/28 MP: 2/6
  1666 | D:2      | Reached skill level 6 in Poison Magic
  1840 | D:2      | Reached XP level 4. HP: 27/36 MP: 4/7
  2988 | D:3      | Reached skill level 7 in Poison Magic
  3167 | D:3      | Reached XP level 5. HP: 28/42 MP: 4/8
  3762 | D:3      | Reached skill level 8 in Poison Magic
  4054 | D:3      | Learned a level 2 spell: Poisonous Vapours
  4059 | D:3      | Learned a level 4 spell: Olgreb's Toxic Radiance
  4087 | D:4      | Noticed Ijyb
  4106 | D:4      | Killed Ijyb
  4133 | D:4      | Found a glowing drain.
  4137 | D:4      | Reached XP level 6. HP: 49/49 MP: 7/9
  4150 | D:4      | Reached skill level 9 in Poison Magic
  4154 | D:4      | Noticed a phantom
  4362 | Sewer    | Entered a sewer
  4480 | Sewer    | Noticed a water moccasin
  4502 | Sewer    | Killed a water moccasin
  4502 | Sewer    | Reached skill level 10 in Poison Magic
  4502 | Sewer    | Reached XP level 7. HP: 32/55 MP: 0/10
  4686 | Sewer    | Gained mutation: You are weak. (Str -2) [potion of
                  | mutation]
  4686 | Sewer    | Gained mutation: You are dopey. (Int -2) [potion of
                  | mutation]
  4686 | Sewer    | Gained mutation: You tend to lose your temper in combat.
                  | [potion of mutation]
  4686 | Sewer    | Lost mutation: You tend to lose your temper in combat.
                  | [potion of mutation]
  5224 | D:4      | Noticed Robin
  5236 | D:4      | Killed Robin
  5266 | D:4      | Got an ancient leather armour
  5277 | D:4      | Identified the +5 leather armour of Calculation {rElec
                  | Slay+3 Stlth+} (You found it on level 4 of the Dungeon)
  5330 | D:4      | Noticed Sigmund
  5338 | D:4      | Killed Sigmund
  5338 | D:4      | Reached skill level 5 in Spellcasting
  5338 | D:4      | Reached XP level 8. HP: 42/62 MP: 4/15
  5343 | D:4      | Learned a level 3 spell: Ignite Poison
  5347 | D:4      | Learned a level 3 spell: Mephitic Cloud
  5723 | D:4      | Found a radiant altar of Vehumet.
  5742 | D:4      | Became a worshipper of Vehumet
  5755 | D:5      | Entered Level 5 of the Dungeon
  5887 | D:5      | Learned a level 3 spell: Spider Form
  5920 | D:5      | Found a shimmering blue altar of Sif Muna.
  6130 | D:5      | Noticed Menkaure
  6142 | D:5      | Killed Menkaure
  6210 | D:5      | Found a staircase to the Ecumenical Temple.
  6462 | D:6      | Reached skill level 1 in Fighting
  6489 | D:6      | Reached * piety under Vehumet
  6489 | D:6      | Offered knowledge of Freeze by Vehumet.
  6516 | D:6      | Learned a level 1 spell: Freeze
  6821 | D:6      | Reached XP level 9. HP: 78/78 MP: 7/19
  6839 | D:6      | Reached skill level 1 in Fire Magic
  7074 | D:6      | Noticed Duvessa
  7074 | D:6      | Noticed Dowan
  7079 | D:6      | Killed Duvessa
  7079 | D:6      | Reached skill level 5 in Fighting
  7079 | D:6      | Killed Dowan
  7249 | D:6      | Upgraded the game from 0.26-a0-752-gcff87cac9a to
                  | 0.26-a0-757-g626ac9e51a
  7723 | D:7      | Reached skill level 1 in Air Magic
  7777 | D:7      | Noticed Joseph
  7778 | D:7      | Found a snail-covered altar of Cheibriados.
  7813 | D:7      | Killed Joseph
  8123 | D:7      | Reached ** piety under Vehumet
  8602 | D:7      | Offered knowledge of Sandblast by Vehumet.
  8641 | D:7      | Reached XP level 10. HP: 84/95 MP: 19/21
  9659 | D:8      | Got an ancient executioner's axe
  9660 | D:8      | Identified the +6 executioner's axe of Imbalance {freeze,
                  | Str+3 Dex+6} (You found it on level 8 of the Dungeon)
  9840 | D:9      | Offered knowledge of Searing Ray by Vehumet.
  9926 | D:9      | Found a staircase to the Orcish Mines.
 10374 | D:9      | Reached *** piety under Vehumet
 10894 | D:9      | Reached skill level 1 in Axes
 11012 | D:9      | Offered knowledge of Conjure Flame by Vehumet.
 11023 | D:9      | Learned a level 3 spell: Conjure Flame
 11190 | D:10     | Entered Level 10 of the Dungeon
 11350 | D:10     | Noticed a gargoyle
 11360 | D:10     | Killed a gargoyle
 11360 | D:10     | Reached skill level 5 in Axes
 11536 | D:10     | Noticed an unseen horror
 11544 | D:10     | Reached XP level 11. HP: 53/102 MP: 11/24
 11544 | D:10     | Killed an unseen horror
 11778 | D:10     | Noticed an unseen horror
 11788 | D:10     | Killed an unseen horror
 11790 | D:10     | Noticed a two-headed ogre
 11795 | D:10     | Killed a two-headed ogre
 11833 | D:10     | Reached **** piety under Vehumet
 11892 | D:10     | Paralysed by a hornet for 3 turns
 12217 | D:10     | Offered knowledge of Yara's Violent Unravelling by Vehumet.
 12298 | D:10     | Reached skill level 1 in Evocations
 12609 | D:10     | Found Zein's Magic Scroll Shop.
 12707 | D:10     | Identified a scroll of acquirement
 12707 | D:10     | Acquired the ring of Mianwin {rElec rC++ MP+9 Stlth+}
 12941 | D:11     | Found a staircase to the Lair.
 13002 | D:11     | Noticed a brown ugly thing
 13010 | D:11     | Killed a brown ugly thing
 13010 | D:11     | Reached skill level 5 in Evocations
 13294 | D:11     | Found a shadowy altar of Dithmenos.
 13419 | D:11     | Noticed a two-headed ogre
 13427 | D:11     | Killed a two-headed ogre
 13427 | D:11     | Reached XP level 12. HP: 109/109 MP: 25/25
 13733 | D:11     | Reached skill level 11 in Poison Magic
 14639 | D:12     | Found a broken altar of Ashenzari.
 14651 | D:12     | Reached skill level 12 in Poison Magic
 14907 | D:12     | Reached ***** piety under Vehumet
 14933 | D:12     | Found a runed translucent door.
 14933 | D:12     | Found a shimmering altar of Xom.
 14933 | D:12     | Noticed stormannnn's ghost (journeyman DrTm)
 14994 | D:12     | Offered knowledge of Lee's Rapid Deconstruction by Vehumet.
 15443 | D:13     | Noticed a centaur warrior
 15447 | D:13     | Reached skill level 13 in Poison Magic
 15450 | D:13     | Killed a centaur warrior
 15453 | D:13     | Reached skill level 14 in Poison Magic
 15463 | D:13     | Noticed a centaur warrior
 15472 | D:13     | Killed a centaur warrior
 15479 | D:13     | Mangled by a skeletal warrior

Illustrated notes

Levels and vault maps discovered:
D:1:      dpeg_arrival_refuge, layout_basic
D:2:      minmay_skewed_foursquare, layout_basic
D:3:      layout_basic
D:4:      layout_cave_pools, gup_sewer_entry_glass, hangedman_decor_opposing,
          lemuel_tele_altar, uniq_robin, uniq_ijyb, uniq_sigmund
D:5:      layout_cave_pools, minmay_temple_entry_ruins, basic_altar,
          uniq_menkaure
D:6:      layout_rooms, uniq_duvessa
D:7:      layout_layer_cave, cheibriados_altar_1, uniq_joseph
D:8:      layout_cave_pools, marbit_many_paths,
          chequers_temple_overflow_minitemple, due_unseen_surprise
D:9:      layout_gridville, david_orc_1_choice
D:10:     wander_river, layout_gridville, serial_shops, shop
D:11:     layout_grid_maze, due_lair_maze_entry_diamond, grunt_dithmenos_shadows
D:12:     layout_cave_pods, ebering_ghost_xom, basic_altar, chequers_garden,
          kennysheep_crisscross
D:13:     minmay_the_grid_4x2 [minmay_the_grid_garden,
          minmay_the_grid_zigzag_pyramid, minmay_the_grid_aliased_spiral,
          minmay_the_grid_box_x, minmay_the_grid_embedded,
          minmay_the_grid_plusring, minmay_the_grid_gridbox,
          minmay_the_grid_prize_diamond_cup], layout_long_grid, uniq_josephine

Skill      XL: |  1  2  3  4  5  6  7  8  9 10 11 12 |
---------------+-------------------------------------+-----
Poison Magic   | 5 6 7 8 10 14 | 14.6
Spellcasting   | 5 7 9 |  9.6
Fighting       | 3 7 |  7.9
Fire Magic     | 1 |  1.6
Air Magic      | 2 |  2.1
Axes           | 6 9 |  9.2
Evocations     | 6 7 |  7.0
Short Blades   | |  0.1
Armour         | |  0.4
Dodging        | |  1.5
Stealth        | |  3.0
Transmutations | |  1.0

Action                   |  1- 3 |  4- 6 |  7- 9 | 10-12 || total
-------------------------+-------+-------+-------+-------++-------
Melee: Unarmed           |     1 |       |    78 |       ||    79
       Hand axe          |    29 |       |       |       ||    29
       Dagger            |     5 |   123 |   260 |    68 ||   456
       Executioner's axe |       |       |       |   210 ||   210
 Cast: Sting             |    44 |    66 |    34 |    15 ||   159
       Olgreb's Toxic Ra |       |     3 |    28 |    81 ||   112
       Ignite Poison     |       |       |     6 |    24 ||    30
       Spider Form       |       |       |     3 |       ||     3
       Poisonous Vapours |       |       |     2 |    12 ||    14
 Abil: Spit Poison       |     2 |     4 |     9 |       ||    15
Evoke: Wand              |       |       |     2 |       ||     2
       Box of beasts     |       |       |       |     1 ||     1
  Use: Potion            |       |       |     5 |     9 ||    14
       Scroll            |       |       |     3 |    13 ||    16
 Stab: Sleeping          |     1 |     4 |     1 |     7 ||    13
Armor: Robe              |     9 |    23 |    20 |       ||    52
       Leather armour    |       |       |    58 |   198 ||   256
       Skin              |       |       |     1 |       ||     1
Dodge: Dodged            |    34 |   115 |   235 |   236 ||   620
Block: Other             |       |    19 |    72 |   105 ||   196
       Reflection        |       |       |     4 |     2 ||     6

Table legend: (Time is in decaauts)
 A = Elapsed time spent in this place.
 B = Non-inter-level travel time spent in this place.
 C = Inter-level travel time spent in this place.
 D = Time resting spent in this place.
 E = Time spent auto-exploring this place.
 F = Levels seen in this place.
 G = Mean time per level.
                   A        B        C        D        E       F      G
               +--------+--------+--------+--------+--------+-----+--------+
         Total |  18611 |  18527 |     84 |      0 |  13452 |  14 | 1329.4 |
       Dungeon |  18215 |  18131 |     84 |      0 |  13211 |  13 | 1401.2 |
         Sewer |    396 |    396 |      0 |      0 |    241 |   1 |  396.0 |
               +--------+--------+--------+--------+--------+-----+--------+

Top non-repeatable levels by time:
     D:7: 2183 daAuts
    D:11: 2036 daAuts
     D:1: 1949 daAuts
    D:10: 1926 daAuts
     D:9: 1774 daAuts
     D:3: 1725 daAuts
     D:2: 1407 daAuts
     D:4: 1366 daAuts
    D:12: 1315 daAuts
     D:6: 988 daAuts
     D:5: 770 daAuts
     D:8: 684 daAuts
   Sewer: 396 daAuts
    D:13: 87 daAuts
